[Event "Late-Titled-Tuesday-Blitz-March-05-2024"]
[Site "Chess.com"]
[Date "2024.03.05"]
[Round "8"]
[White "vladgoncharov"]
[Black "masterofpuppets2"]
[Result "1/2-1/2"]
[WhiteElo "2624"]
[BlackElo "2493"]
[TimeControl "180+1"]
[EndTime "15:24:30 PST"]
[Termination "Game drawn by repetition"]

1. d4 d5 2. c4 e6 3. Nc3 c5 4. cxd5 exd5 5. Nf3 Nf6 6. g3 Nc6 7. Bg2 Be7 8. dxc5 Bxc5 9. O-O O-O 10. Bg5 d4 11.
Na4 Be7 12. Rc1 h6 13. Bf4 g5 14. Bd2 Be6 15. Nc5 Bxc5 16. Rxc5 Qd6 17. b4 Bxa2 18. Nxg5 hxg5 19. Bxg5 Nh7 20. Qd2 Rfe8 21. Bxc6 bxc6 22. Qxa2 a5 23. Rxa5 Rxa5 24. Qxa5 Rxe2 25. Bf4 Qe6 26. Qd8+ Nf8 27. Qxd4 Re4 28. Qd2 Re2 29. Qc1 Ng6 30. Rd1 Kh7 31. Qb1 Re4 32. Be3 Rxe3 33. fxe3 Qxe3+ 34. Kg2 Qe2+ 35. Kh3 Qe6+ 36. Kg2 Qe2+ 37. Kg1 Qe3+ 38.
Kf1 Qf3+ 39. Ke1 Qe3+ 40. Kf1 Qf3+ 41. Kg1 Qe3+ 1/2-1/2

[Event "Late-Titled-Tuesday-Blitz-March-05-2024"]
[Site "Chess.com"]
[Date "2024.03.05"]
[Round "8"]
[White "stollenmonster"]
[Black "DanielNaroditsky"]
[Result "0-1"]
[WhiteElo "2880"]
[BlackElo "3091"]
[TimeControl "180+1"]
[EndTime "15:24:31 PST"]
[Termination "DanielNaroditsky won by resignation"]

1. e4 d5 2. Nc3 dxe4 3. Nxe4 Nf6 4. Bd3 Nc6 5. Nf3 Bg4 6. O-O e6 7. Nxf6+ gxf6 8. Be4 Rg8 9. Kh1 f5 10. Bxc6+ bxc6 11. d4 Qd5 12. Qd3 Bd6 13. Re1 O-O-O 14. Bd2 Bxf3 15. gxf3 Rg4 16. c4 Rxd4 17. cxd5 Rxd3 18.
Bg5 Rg8 19. dxe6 fxe6 20. f4 Rh3 21. Re2 h6 22. Bf6 Bxf4 0-1

[Event "Late-Titled-Tuesday-Blitz-March-05-2024"]
[Site "Chess.com"]
[Date "2024.03.05"]
[Round "8"]
[White "trriinu"]
[Black "djano"]
[Result "0-1"]
[WhiteElo "2278"]
[BlackElo "2576"]
[TimeControl "180+1"]
[EndTime "15:24:32 PST"]
[Termination "djano won on time"]

1. e4 c5 2. Nf3 Nc6 3. Bb5 e5 4. O-O Nge7 5. c3 g6 6. d4 cxd4 7. cxd4 exd4 8. Nxd4 Bg7 9. Nxc6 bxc6 10. Bc4 O-O 11. Nc3 Rb8 12. Qd6 Rb6 13. Na4 Rb7 14. Ba6 Rc7 15. Bc4 c5 16. Bg5 Re8 17. Rad1 Rc6 18.
Qxc6 Nxc6 19. Bxd8 Nxd8 20. Nxc5 Bxb2 21. Nxd7 Nc6 22. e5 Bxd7 23. Rxd7 Nxe5 24. Rc7 Bd4 25.
Kh1 Bb6 26. Rb7 Nxc4 27. a4 Re2 28. h4 Nd2 29. Rd1 Rxf2 30. Rd7 Ne4 31. Re1 Ng3+ 32. Kh2 Nf5 33. h5 Rf4 34. Re8+ Kg7 0-1

[Event "Late-Titled-Tuesday-Blitz-March-05-2024"]
[Site "Chess.com"]
[Date "2024.03.05"]
[Round "8"]
[White "C_K_G"]
[Black "Kostukov_Alex"]
[Result "0-1"]
[WhiteElo "2181"]
[BlackElo "2340"]
[TimeControl "180+1"]
[EndTime "15:24:35 PST"]
[Termination "Kostukov_Alex won by resignation"]

1. e4 c5 2. Nf3 g6 3. d4 cxd4 4. Nxd4 Bg7 5. Nc3 Nc6 6. Be3 Nf6 7. Be2 O-O 8. O-O d5 9. exd5 Nb4 10. d6 Qxd6 11. Ndb5 Qxd1 12. Bxd1 Bf5 13. Nxa7 Nxc2 14. Bxc2 Bxc2 15. Rfc1 Bd3 16. a4 Ne4 17. Nab5 Bxb5 18. axb5 Rxa1 19. Rxa1 Nxc3 20. bxc3 Bxc3 21. Ra7 Rb8 22. Bc5 Rd8 23. g3 Rd7 24. Kf1 Kg7 25. Ke2 e5 26. Ra8 Rd5 27. Bf8+ Kf6 28. Rc8 Ba5 29. Bc5 b6 30. Rc6+ Kf5 31. Be3 Rxb5 32. f3 h5 33. h3 e4 34. Rd6 Rb2+ 35. Kd1 exf3 36. Bd4 Rd2+ 37. Kc1 Ke4 0-1

[Event "Late-Titled-Tuesday-Blitz-March-05-2024"]
[Site "Chess.com"]
[Date "2024.03.05"]
[Round "8"]
[White "KetiTsatsalashvili"]
[Black "madstalk3rs"]
[Result "1/2-1/2"]
[WhiteElo "2488"]
[BlackElo "2641"]
[TimeControl "180+1"]
[EndTime "15:24:36 PST"]
[Termination "Game drawn by repetition"]

1. d4 d5 2. Nf3 Nf6 3. e3 c6 4. Bd3 Bg4 5. c4 Nbd7 6. cxd5 cxd5 7.
O-O e6 8. h3 Bh5 9. Nbd2 Bd6 10. Qb3 b6 11. Ba6 O-O 12. Qd3 Qe7 13. a3 Nb8 14.
Bb5 a6 15. Ba4 Rc8 16. b4 b5 17. Bd1 Nbd7 18. Nb3 Bg6 19. Qe2 Ne4 20. Bb2 Nb6 21.
Nc5 Nc4 22. a4 Qf6 23. Ra2 a5 24. axb5 axb4 25. Rxa8 Rxa8 26. Nxe4 Bxe4 27. Bb3 Bxf3 28. gxf3 Qg5+ 29. Kh1 Qh5 30. Kg2 Qg6+ 31. Kh1 Qf5 32. Kg2 Rc8 33. Rc1 Qg6+ 34. Kh1 Qf5 35. Kg2 Qg6+ 36.
Kh1 Qh5 37. Kg2 Qg5+ 38. Kh1 Qh5 39. Kg2 Qg6+ 1/2-1/2

[Event "Late-Titled-Tuesday-Blitz-March-05-2024"]
[Site "Chess.com"]
[Date "2024.03.05"]
[Round "8"]
[White "GoValya"]
[Black "SergioMoralesG"]
[Result "1-0"]
[WhiteElo "2251"]
[BlackElo "2446"]
[TimeControl "180+1"]
[EndTime "15:24:36 PST"]
[Termination "GoValya won on time"]

1. d4 d5 2. c4 c6 3. Nf3 Nf6 4. g3 Bf5 5. Bg2 e6 6. O-O Nbd7 7. Nc3 h6 8. Nd2 Be7 9. e4 dxe4 10. Ndxe4 O-O 11.
Be3 Qc7 12. Rc1 Rad8 13. Qe2 Rfe8 14. d5 exd5 15. cxd5 Nb6 16. dxc6 bxc6 17. Nb5 Qe5 18. Nxa7 Bxe4 19. Bxb6 Rb8 20. Nxc6 Qf5 21. Nxb8 Bxg2 22.
Kxg2 Bd6 23. Qf3 Qb5 24. Bd4 1-0

[Event "Late-Titled-Tuesday-Blitz-March-05-2024"]
[Site "Chess.com"]
[Date "2024.03.05"]
[Round "8"]
[White "Eeleyah"]
[Black "Felix-Rose"]
[Result "1-0"]
[WhiteElo "2464"]
[BlackElo "2297"]
[TimeControl "180+1"]
[EndTime "15:24:38 PST"]
[Termination "Eeleyah won on time"]

1. d4 d5 2. c4 e6 3. Nf3 Nf6 4. g3 dxc4 5. Bg2 a6 6. O-O Nc6 7. e3 Bd7 8. Nbd2 Rb8 9. Nxc4 Be7 10. b3 O-O 11. Bb2 Re8 12. Rc1 Nb4 13. a3 Nbd5 14. Nfe5 Nb6 15. Na5 c6 16. b4 Bd6 17.
Qc2 Qe7 18. Rfd1 Red8 19. h4 Be8 20. Bf3 Bxe5 21. dxe5 Rxd1+ 22. Rxd1 Nfd5 23. Bd4 Nd7 24. Nc4 c5 25. bxc5 Nxc5 26. Nd6 Nd7 27. Rc1 b5 28. Nc8 Qd8 29. Na7 h6 30. Nc6 Qc8 31. Bxd5 1-0

[Event "Late-Titled-Tuesday-Blitz-March-05-2024"]
[Site "Chess.com"]
[Date "2024.03.05"]
[Round "8"]
[White "Fandorine"]
[Black "lamomiajunior"]
[Result "1-0"]
[WhiteElo "2910"]
[BlackElo "2719"]
[TimeControl "180+1"]
[EndTime "15:24:39 PST"]
[Termination "Fandorine won by resignation"]

1. e4 g6 2. d4 Bg7 3. Nc3 d6 4. Be3 Nc6 5. Nge2 e5 6. Qd2 Nge7 7. O-O-O O-O 8. d5 Nb8 9. Bh6 f5 10. f3 f4 11. Bxg7 Kxg7 12. g3 g5 13. Rg1 Kh8 14. h4 g4 15. gxf4 gxf3 16. fxe5 fxe2 17. Bxe2 Ng8 18. e6 Na6 19. Kb1 Nc5 20. Bc4 a6 21. Qd4+ Qf6 22. Rxg8+ Kxg8 23. Rg1+ Kh8 24. e7 Bh3 25.
exf8=Q+ Rxf8 26. Qxf6+ Rxf6 27. e5 Rf4 28. Bb3 Nxb3 29.
axb3 dxe5 30. Re1 Rxh4 31. Rxe5 Rg4 32. Ne4 Rg6 33. Ka2 Bg2 34. Nc5 b6 35. Nxa6 Bf3 36. Nxc7 h5 37. Ne6 h4 38. Nf4 Rh6 39. Nh3 Bg2 40.
Re3 Bxd5 41. c4 Bg2 42. Ka3 Rg6 43. Nf4 Rg4 44. Nxg2 Rxg2 45. Rh3 Rg4 46. Kb4 Kg7 47. Rh2 Kh6 48. Kb5 Kg5 49. Kxb6 Rg3 50. b4 h3 51. b5 Kg4 52. c5 Rg2 53. Rxh3 Kxh3 54. c6 Rxb2 55. c7 Rc2 56. Kb7 1-0

[Event "Late-Titled-Tuesday-Blitz-March-05-2024"]
[Site "Chess.com"]
[Date "2024.03.05"]
[Round "8"]
[White "Zallio"]
[Black "ritanovikova"]
[Result "0-1"]
[WhiteElo "2142"]
[BlackElo "2215"]
[TimeControl "180+1"]
[EndTime "15:24:39 PST"]
[Termination "ritanovikova won by resignation"]

1. d4 e5 2. dxe5 Nc6 3. Nf3 Qe7 4. Qd5 d6 5. exd6 Qxd6 6. Qxd6 Bxd6 7. e3 Nb4 8. Bd3 Nxd3+ 9. cxd3 Bf5 10. Ke2 O-O-O 11. Nc3 Nf6 12. h3 h6 13. Bd2 Bb4 14. e4 Bg6 15.
Rhc1 Kb8 16. a3 Ba5 17. b4 Bb6 18. Na4 Rhe8 19. Nxb6 axb6 20. Ne1 Nd7 21. f4 f5 22. e5 Bh5+ 23. Ke3 g5 24. d4 Nf6 25. Bc3 Nd5+ 26.
Kf2 Nxf4 27. a4 Nd5 28. Bd2 f4 29. Rc4 Bg6 30. Ra3 Ne7 31. Nf3 Nc6 32. b5 Ne7 33.
Rac3 Nd5 34. Rc1 Rd7 35. Be1 Bd3 36. R4c2 Bxc2 37. Rxc2 Ne7 38. Rc4 Nf5 39. Bc3 Ne3 40.
Rb4 Red8 41. Nd2 Nd1+ 0-1

[Event "Late-Titled-Tuesday-Blitz-March-05-2024"]
[Site "Chess.com"]
[Date "2024.03.05"]
[Round "8"]
[White "Gennady_Kozlov"]
[Black "ContrVersia"]
[Result "0-1"]
[WhiteElo "2686"]
[BlackElo "2863"]
[TimeControl "180+1"]
[EndTime "15:24:42 PST"]
[Termination "ContrVersia won by resignation"]

1. b3 Nf6 2. Bb2 g6 3. e3 Bg7 4. f4 O-O 5. Nf3 d6 6. Be2 e5 7. O-O Nc6 8. fxe5 Nd7 9. Nc3 dxe5 10. Qe1 e4 11. Nh4 f5 12. g3 Nde5 13. Ng2 Be6 14. Rb1 Qd7 15. Nf4 Bf7 16. h4 Rad8 17. Bc1 h6 18.
Nd1 g5 19. hxg5 hxg5 20. Nh3 Qe7 21. Ndf2 Be6 22. Kg2 Nf3 23. Bxf3 exf3+ 24. Kg1 Qd6 25. Nh1 g4 26. Nf4 Bf7 27. d4 Rfe8 28. Qd2 Nxd4 29.
exd4 Bxd4+ 30. Nf2 Qh6 31. Nd3 Be3 32. Qxe3 Rxe3 33.
Bxe3 Qxe3 34. Rbe1 Qb6 35. Re5 Qf6 36. Rfe1 b6 37. Re7 Kf8 38. Rxc7 Qd6 39. Rxf7+ Kxf7 40. Ne5+ Kg7 41. Nfd3 Qd4+ 42. Nf2 Re8 43. Nxf3 Rxe1+ 44. Nxe1 Qe3 45. Nd3 Qxg3+ 46. Kf1 Qd6 47. Kg2 Kg6 48. Nd1 f4 49. N1f2 Kf5 50. c4 f3+ 51. Kf1 g3 0-1

[Event "Late-Titled-Tuesday-Blitz-March-05-2024"]
[Site "Chess.com"]
[Date "2024.03.05"]
[Round "8"]
[White "Crazy_girl99"]
[Black "Ducke13"]
[Result "1-0"]
[WhiteElo "2571"]
[BlackElo "2395"]
[TimeControl "180+1"]
[EndTime "15:24:42 PST"]
[Termination "Crazy_girl99 won by checkmate"]

1. Nf3 Nf6 2. d4 g6 3. Nc3 d5 4. Bf4 Bg7 5. e3 O-O 6. Be2 c5 7. O-O b6 8. Ne5 Bb7 9. Bf3 e6 10. Re1 Nfd7 11. h3 Nxe5 12. dxe5 Nd7 13. e4 d4 14. Nb5 Nxe5 15. a4 Nxf3+ 16. Qxf3 e5 17. Bd2 f5 18. a5 a6 19. Na3 b5 20. Qb3+ c4 21. Nxc4 fxe4 22. Nd6+ Kh8 23. Nxb7 Qf6 24.
Rf1 Qc6 25. Bb4 Qxb7 26. Bxf8 Rxf8 27. Rae1 Bh6 28. Qe6 e3 29. Qxe5+ Bg7 30. Qc5 Qe4 31. fxe3 Rxf1+ 32. Kxf1 dxe3 33. Qc8+ Bf8 34. Qxf8# 1-0

[Event "Late-Titled-Tuesday-Blitz-March-05-2024"]
[Site "Chess.com"]
[Date "2024.03.05"]
[Round "8"]
[White "Heydarli77"]
[Black "Statham_01"]
[Result "1-0"]
[WhiteElo "2421"]
[BlackElo "2579"]
[TimeControl "180+1"]
[EndTime "15:24:43 PST"]
[Termination "Heydarli77 won by resignation"]

1. d4 Nf6 2. c4 e5 3. dxe5 Ng4 4.
Nf3 Nc6 5. Nbd2 Ngxe5 6. e3 Bc5 7. Be2 d6 8. O-O O-O 9. b3 Bf5 10. Bb2 Qe7 11. Nd4 Bg6 12. N2f3 Rad8 13. Nxc6 Nxc6 14. Bd3 Bh5 15. Be2 Ne5 16. Nxe5 dxe5 17.
Qc2 Bg6 18. Qc3 f6 19. a3 c6 20. b4 Bb6 21. c5 Bc7 22. Rad1 Kh8 23. g3 Be4 24.
Qc4 Bd5 25. Qc2 Qe6 26. Rd2 Qh3 27. f3 h5 28. e4 Bb3 29. Qc1 Rxd2 30. Qxd2 b6 31.
Qe3 Be6 32. Rd1 Rd8 33. Rxd8+ Bxd8 34. Bf1 bxc5 35. Bxh3 Bxh3 36. bxc5 Be6 37. Qd3 Be7 38. Qe3 h4 39. gxh4 Kh7 40. Kg2 Bf7 41. Bc3 Bh5 42. Ba5 1-0

[Event "Late-Titled-Tuesday-Blitz-March-05-2024"]
[Site "Chess.com"]
[Date "2024.03.05"]
[Round "8"]
[White "esteban062000"]
[Black "jactorres"]
[Result "1-0"]
[WhiteElo "2155"]
[BlackElo "2222"]
[TimeControl "180+1"]
[EndTime "15:24:43 PST"]
[Termination "esteban062000 won on time"]

1. e4 e5 2. Nf3 Nc6 3. Bb5 a6 4. Ba4 Nf6 5. d3 b5 6. Bb3 Bc5 7. O-O d6 8. a4 Rb8 9. axb5 axb5 10. Be3 Bb6 11. Bxb6 Rxb6 12. Nc3 O-O 13. h3 Ne7 14. Ra5 c6 15. Qa1 Ng6 16. Ra8 Qc7 17. Qa2 Bb7 18.
Rxf8+ Kxf8 19. Ng5 Ra6 20. Qb1 d5 21. exd5 cxd5 22.
Nxb5 Qd7 23. Nc3 Qf5 24. Nf3 Nf4 25. Qe1 Qg6 26. g3 Nxh3+ 27. Kh2 Qh5 28. Nh4 Nf4 29. Ne4 Ng4+ 30. Kh1 dxe4 31. Qb4+ Kg8 32. Qxb7 h6 33. Qxa6 Kh7 34. Qb7 1-0

[Event "Late-Titled-Tuesday-Blitz-March-05-2024"]
[Site "Chess.com"]
[Date "2024.03.05"]
[Round "8"]
[White "Polish_fighter3000"]
[Black "MagnusCarlsen"]
[Result "1-0"]
[WhiteElo "3129"]
[BlackElo "3247"]
[TimeControl "180+1"]
[EndTime "15:24:45 PST"]
[Termination "Polish_fighter3000 won by resignation"]

1. e4 c5 2. Nf3 e6 3. d4 cxd4 4. Nxd4 Nc6 5. Nc3 a6 6. Nxc6 bxc6 7. Bd3 d5 8. O-O Nf6 9. Qf3 Bb7 10. Re1 Be7 11. Qg3 Kf8 12. Bd2 h5 13. h3 h4 14. Qf3 c5 15. exd5 exd5 16. Re2 Ra7 17. Rae1 Ba8 18. Bg5 d4 19. Ne4 Nxe4 20. Bxe7+ Rxe7 21. Bxe4 Bxe4 22. Rxe4 Rxe4 23. Rxe4 Rh6 24. Re5 c4 25.
Rd5 Qb6 26. Qf4 Re6 27. Qxh4 Re1+ 28. Kh2 Qc7+ 29. g3 Re2 30. Rd8+ 1-0

[Event "Late-Titled-Tuesday-Blitz-March-05-2024"]
[Site "Chess.com"]
[Date "2024.03.05"]
[Round "8"]
[White "ShahMatKanal"]
[Black "Sajkochess"]
[Result "1-0"]
[WhiteElo "2492"]
[BlackElo "2325"]
[TimeControl "180+1"]
[EndTime "15:24:45 PST"]
[Termination "ShahMatKanal won by checkmate"]

1. e4 c6 2. d4 d5 3. e5 c5 4. dxc5 Nc6 5. a3 Nxe5 6. b4 g6 7. Nf3 Bg7 8. Nxe5 Bxe5 9. c3 Nf6 10. f4 Bc7 11. Bd3 O-O 12. O-O Ne4 13. Ra2 h5 14.
Be3 Bf5 15. Bd4 e5 16. fxe5 Qg5 17. Qf3 Rae8 18. Bb5 Rxe5 19. Bxe5 Bxe5 20. c6 Bg4 21. Qd3 Qh4 22. g3 Nxg3 23. hxg3 Bxg3 24. cxb7 d4 25. Bc4 Kh7 26. Rg2 Be5 27. Bxf7 Bf5 28. Bxg6+ Bxg6 29. Qxg6+ Kh8 30. Rxf8# 1-0

[Event "Late-Titled-Tuesday-Blitz-March-05-2024"]
[Site "Chess.com"]
[Date "2024.03.05"]
[Round "8"]
[White "LiemLe"]
[Black "Abund"]
[Result "1-0"]
[WhiteElo "3047"]
[BlackElo "2797"]
[TimeControl "180+1"]
[EndTime "15:24:46 PST"]
[Termination "LiemLe won on time"]

1. d4 d5 2. c4 e6 3. Nc3 Nf6 4.
cxd5 exd5 5. Bg5 c6 6. e3 h6 7. Bh4 Be7 8. Bd3 O-O 9. Nge2 Re8 10. O-O Nbd7 11. a4 a5 12. f3 c5 13. Bb5 Bd6 14. Nxd5 g5 15. Nxf6+ Qxf6 16. Bf2 Rd8 17. Nc3 cxd4 18. Ne4 Qe7 19. Nxd6 Qxd6 20. Bg3 Qb6 21.
Qxd4 Qxd4 22. exd4 Nf6 23. Bc7 Rd5 24. Be5 Nh5 25.
Rac1 Be6 26. Rc7 Nf4 27. Re1 Ng6 28. Bc4 Rdd8 29. Bxe6 Nxe5 30. Rxe5 fxe6 31. Rxe6 Rxd4 32. Rg6+ Kf8 33. Rxh6 Kg8 34. Rg6+ Kh8 35. Rxg5 Re8 36. Rxb7 Rd2 37. h3 Rc8 38. Rxa5 Re8 39. Rh5+ Kg8 40. b4 Rc8 41. a5 1-0

[Event "Late-Titled-Tuesday-Blitz-March-05-2024"]
[Site "Chess.com"]
[Date "2024.03.05"]
[Round "8"]
[White "bazar-wokzal"]
[Black "Schattman"]
[Result "1-0"]
[WhiteElo "2562"]
[BlackElo "2428"]
[TimeControl "180+1"]
[EndTime "15:24:49 PST"]
[Termination "bazar-wokzal won on time"]

1. e4 c6 2. d4 d5 3. f3 Qb6 4. Nc3 dxe4 5. fxe4 e5 6. dxe5 Be6 7. Nf3 Nd7 8. Bd3 Ne7 9. Ng5 Nxe5 10. Nxe6 fxe6 11. Qh5+ N7g6 12. Bd2 O-O-O 13. O-O-O Nxd3+ 14. cxd3 Rxd3 15. Bg5 Rxd1+ 16. Rxd1 Be7 17. Bxe7 Nxe7 18. Qf7 Qe3+ 19. Kb1 Qg5 20. Qxe6+ Kb8 21. Qd6+ Kc8 22. Qe6+ Kb8 23.
Rd7 Nc8 24. g3 Rf8 25. a3 Qe3 26. Qe5+ Ka8 27. Qc7 Qb6 28. Qxb6 axb6 29. Rxg7 h5 30. Rh7 Nd6 31. Rxh5 Rf2 32. b3 b5 33. e5 Nf7 34. e6 Nd6 35. e7 Re2 36. Nxe2 1-0

[Event "Late-Titled-Tuesday-Blitz-March-05-2024"]
[Site "Chess.com"]
[Date "2024.03.05"]
[Round "8"]
[White "corvachesky"]
[Black "Zampronha1971"]
[Result "1-0"]
[WhiteElo "2508"]
[BlackElo "2336"]
[TimeControl "180+1"]
[EndTime "15:24:50 PST"]
[Termination "corvachesky won on time"]

1. Nf3 c5 2. c4 Nc6 3. d4 cxd4 4. Nxd4 Nf6 5. Nc3 e6 6. a3 a6 7.
g3 Bc5 8. Nb3 Be7 9. Bg2 d6 10.
O-O O-O 11. e4 Bd7 12. Bf4 Ne5 13. c5 Bc6 14. Nd4 dxc5 15. Bxe5 cxd4 16. Qxd4 Qxd4 17. Bxd4 Nd7 18. Rfd1 e5 19. Be3 Rfd8 20. Nd5 Bxd5 21. Rxd5 f6 22. Rad1 Nf8 23. Bb6 Rdc8 24. Bh3 Rc6 25.
Ba5 Kf7 26. Bc3 Ne6 27. a4 Nc5 28. Bb4 Nxe4 29. Rd7 Re8 30. Rxb7 Kf8 31. Bd7 Rd8 32.
Bxe7+ 1-0

[Event "Late-Titled-Tuesday-Blitz-March-05-2024"]
[Site "Chess.com"]
[Date "2024.03.05"]
[Round "8"]
[White "TheBigBoss04"]
[Black "Mikhal867"]
[Result "1-0"]
[WhiteElo "2692"]
[BlackElo "2504"]
[TimeControl "180+1"]
[EndTime "15:24:56 PST"]
[Termination "TheBigBoss04 won by resignation"]

1. Nf3 c5 2. e4 Nc6 3. Nc3 e5 4. Bc4 Be7 5. d3 d6 6. Nd2 h5 7.
Nf1 g6 8. Ne3 Bg5 9. Ncd5 Nge7 10.
h4 Bh6 11. Nf6+ Kf8 12. a4 Kg7 13. Qf3 Be6 14. c3 Bf4 15. g3 Bxc4 16. dxc4 Bxe3 17. Bxe3 Ng8 18. Nd5 f6 19. Rd1 Nce7 20.
Ke2 Nxd5 21. Rxd5 Qe7 22. Rhd1 Rd8 23. Bxc5 Nh6 24. Rxd6 Rxd6 25. Rxd6 Ng4 26. Qd3 Kh6 27. Qd2+ g5 28. Qxg5+ Kh7 29. Qxh5+ Nh6 30. Rd5 Qc7 31. Be3 Kg7 32. Bxh6+ Rxh6 33. Qg4+ Rg6 34. Rd7+ Kh6 35.
Qxg6+ Kxg6 36. Rxc7 1-0

[Event "Late-Titled-Tuesday-Blitz-March-05-2024"]
[Site "Chess.com"]
[Date "2024.03.05"]
[Round "8"]
[White "AlexTruskavetsky"]
[Black "Perecke"]
[Result "0-1"]
[WhiteElo "2684"]
[BlackElo "2559"]
[TimeControl "180+1"]
[EndTime "15:24:57 PST"]
[Termination "Perecke won by resignation"]

1. d4 Nf6 2. c4 e6 3. Nc3 d5 4. cxd5 exd5 5. Bg5 Be7 6. e3 O-O 7. Bd3 Re8 8. Qc2 h6 9. Bh4 c5 10. dxc5 d4 11. exd4 Nc6 12. Nf3 Nxd4 13. Nxd4 Qxd4 14. Bg3 Bxc5+ 15. Kf1 Be6 16. Rd1 Rad8 17. Nb5 Qb4 18.
Nc7 Rxd3 19. Rxd3 Bb3 20. Qb1 Bc2 21. Nxe8 Bxb1 22. Nxf6+ gxf6 23. Rd8+ Kg7 24. h4 Qg4 25. h5 Bxa2 26. Rh4 Bc4+ 27. Kg1 Qxg3 28. Rxc4 Qxf2+ 29. Kh2 f5 30. Rd5 Qg1+ 31. Kg3 Bf2+ 32. Kf3 Qf1 33. Rc2 Be1+ 34. Ke3 Qg1+ 35. Kf4 Qf1+ 36. Ke3 Bh4 37. Rd8 Bxd8 0-1

[Event "Late-Titled-Tuesday-Blitz-March-05-2024"]
[Site "Chess.com"]
[Date "2024.03.05"]
[Round "8"]
[White "VinzentSpitzl"]
[Black "BeanScreen"]
[Result "1/2-1/2"]
[WhiteElo "2554"]
[BlackElo "2708"]
[TimeControl "180+1"]
[EndTime "15:24:58 PST"]
[Termination "Game drawn by stalemate"]

1. d4 d5 2. c4 e6 3. Nf3 a6 4. e3 Nf6 5. Nc3 c5 6. Be2 dxc4 7. a4 Nc6 8. Bxc4 cxd4 9. Nxd4 Nxd4 10. Qxd4 Qxd4 11.
exd4 Be7 12. d5 exd5 13. Nxd5 Nxd5 14. Bxd5 O-O 15. O-O Rd8 16. Bf3 Bf6 17. Be3 Bxb2 18. Rab1 Bf6 19. Bxb7 Bxb7 20. Rxb7 Rac8 21. a5 Bc3 22.
Bb6 Rd5 23. Ra7 Bxa5 24. Rxa6 Bxb6 25. Rxb6 g6 26. Rb3 Rc2 27. g3 Rf5 28. Kg2 h5 29.
Rf3 Rxf3 30. Kxf3 Kg7 31. h4 Rc5 32. Kg2 Rf5 33. Re1 Kf6 34. Re3 Re5 35. Rd3 Ke6 36.
Rc3 Rd5 37. Rb3 Kf6 38. Ra3 Re5 39. Rb3 Re6 40. Ra3 Kg7 41. Rb3 Rf6 42. Ra3 Rf5 43. Rb3 Kf6 44. Ra3 Re5 45. Rb3 Re2 46.
Ra3 Rd2 47. Rf3+ Ke6 48. Re3+ Kf6 49. Rf3+ Kg7 50. Re3 Rd6 51. Rc3 Re6 52. Rb3 Re5 53. Ra3 Rb5 54. Rc3 Rb6 55. Rd3 Kf6 56. Rf3+ Ke7 57. Re3+ Re6 58. Rf3 Rf6 59. Rd3 Rd6 60. Rc3 Kd7 61. Rb3 Ke6 62. Rb7 Rd5 63. Rb6+ Kf5 64.
Rb3 Kf6 65. Rf3+ Rf5 66. Re3 Re5 67. Rd3 Re6 68. Kf3 Kf5 69. Rd5+ Re5 70. Rd3 f6 71.
Rc3 g5 72. Rc4 Kg6 73. Rb4 Re1 74. Kg2 Re6 75. Ra4 Kf5 76. Ra5+ Re5 77. Rxe5+ Kxe5 78. hxg5 fxg5 79. f4+ gxf4 80. gxf4+ Kxf4 81. Kh1 Kg3 82. Kg1 h4 83. Kh1 h3 84. Kg1 h2+ 85. Kh1 Kh3 1/2-1/2

[Event "Late-Titled-Tuesday-Blitz-March-05-2024"]
[Site "Chess.com"]
[Date "2024.03.05"]
[Round "8"]
[White "sergiochess83"]
[Black "SaqoChess_Twitch"]
[Result "0-1"]
[WhiteElo "2839"]
[BlackElo "2661"]
[TimeControl "180+1"]
[EndTime "15:25:00 PST"]
[Termination "SaqoChess_Twitch won by resignation"]

1. e4 c5 2. Nf3 d6 3. Bb5+ Bd7 4. c4 Nf6 5. Nc3 Nc6 6. d4 cxd4 7. Nxd4 g6 8. O-O Bg7 9. Re1 O-O 10. Nxc6 Bxc6 11. h3 Rc8 12. Be3 Bxb5 13. cxb5 b6 14. Qa4 Qd7 15.
Rac1 Qb7 16. Bd4 e6 17. f3 Rc7 18. Ne2 Rfc8 19. Rxc7 Rxc7 20. Rc1 Rxc1+ 21. Nxc1 d5 22.
e5 Nd7 23. Nd3 Qc7 24. f4 g5 25. g3 gxf4 26. gxf4 f6 27. exf6 Bxf6 28. Bxf6 Nxf6 29. Qd4 Qg7+ 30. Kf1 Qg3 31. Qxf6 Qxd3+ 32. Kf2 Qc2+ 33. Ke3 Qe4+ 34. Kf2 d4 35. Qd8+ Kf7 36. Qd7+ Kg6 37. Qe8+ Kh6 38. Qf8+ Kh5 39. Qf6 Qf5 40. Qxd4 Kh4 41. Qe3 Qxh3 42. Qe5 Qg3+ 43. Ke2 Qg4+ 44. Ke3 Qf5 45. Qg7 h5 46. Qg8 Qh3+ 47. Ke4 Qf5+ 48. Ke3 e5 49. fxe5 Qxe5+ 50. Kf3 Qf5+ 51. Ke3 Qh3+ 52. Kf4 Qg4+ 0-1

[Event "Late-Titled-Tuesday-Blitz-March-05-2024"]
[Site "Chess.com"]
[Date "2024.03.05"]
[Round "8"]
[White "TheCavemanChess"]
[Black "Chopper1905"]
[Result "0-1"]
[WhiteElo "2734"]
[BlackElo "2961"]
[TimeControl "180+1"]
[EndTime "15:25:04 PST"]
[Termination "Chopper1905 won by resignation"]

1. e4 c5 2. Nf3 Nc6 3. d4 cxd4 4.
Nxd4 e6 5. Nc3 Qc7 6. Be3 a6 7. Qf3 Bd6 8. O-O-O Be5 9. g3 Nge7 10. Qh5 b5 11. Nxc6 Nxc6 12. f4 Bxc3 13. bxc3 O-O 14. Bd3 Qa5 15. Kd2 d6 16. e5 g6 17. Qg5 b4 18. exd6 bxc3+ 19. Ke2 Qxa2 20. h4 Qd5 21.
Qf6 e5 22. fxe5 Bg4+ 23. Kf2 Bxd1 24. Rxd1 Nxe5 25. Be2 Qe6 26. Qxe6 fxe6+ 27. Kg2 Rfd8 28. Bf4 Nd7 29. Bf3 a5 30. Bxa8 Rxa8 31. Rb1 Ra7 32. Ra1 a4 33. Ra3 e5 34. Bc1 Ra6 35. Rxc3 Rxd6 36.
Ra3 Rc6 37. Rxa4 Rxc2+ 38. Kf3 Rxc1 0-1

[Event "Late-Titled-Tuesday-Blitz-March-05-2024"]
[Site "Chess.com"]
[Date "2024.03.05"]
[Round "8"]
[White "Walter_White_Poland"]
[Black "terrortoast"]
[Result "1-0"]
[WhiteElo "2373"]
[BlackElo "2496"]
[TimeControl "180+1"]
[EndTime "15:25:04 PST"]
[Termination "Walter_White_Poland won by resignation"]

1. e4 c6 2. d4 d5 3. f3 Qb6 4. Nc3 dxe4 5. Bc4 Nf6 6. Bb3 e5 7. dxe5 Bc5 8. Na4 Bf2+ 9. Kf1 Qb5+ 10. Kxf2 Qxe5 11. Be3 exf3 12. gxf3 O-O 13. Qd4 Qh5 14. Ne2 Nbd7 15. Ng3 Qh3 16. Nc3 Nb6 17. Rhg1 Be6 18. Nce4 Nxe4+ 19. Nxe4 Qh4+ 20. Rg3 Qxh2+ 21. Rg2 Qh4+ 22.
Kg1 g5 23. Nf6+ Kh8 24. Qxh4 gxh4 25. Bh6 Rg8 26. Nxg8 Rxg8 27. Rxg8+ Kxg8 28. Kf2 Bxb3 29. axb3 a6 30. Rg1+ Kh8 31. Rg4 f5 32. Rg7 Nd5 33. Rf7 1-0

[Event "Late-Titled-Tuesday-Blitz-March-05-2024"]
[Site "Chess.com"]
[Date "2024.03.05"]
[Round "8"]
[White "rdarruda"]
[Black "Yurovskykh_Oleksandr"]
[Result "1-0"]
[WhiteElo "2540"]
[BlackElo "2639"]
[TimeControl "180+1"]
[EndTime "15:25:06 PST"]
[Termination "rdarruda won by resignation"]

1. Nf3 d5 2. g3 Nf6 3. b3 Bf5 4. Bb2 e6 5. Bg2 Be7 6. O-O h6 7. d3 O-O 8. Nbd2 c5 9. c4 Nc6 10.
Ne5 Rc8 11. Nxc6 Rxc6 12. e4 Bh7 13. cxd5 exd5 14. Re1 dxe4 15. Nxe4 Nxe4 16. dxe4 Rd6 17. Qf3 Rd2 18. Rad1 b6 19. Bc3 Rxd1 20. Rxd1 Qc8 21.
Rd5 Rd8 22. Qd3 Rxd5 23. Qxd5 Bg6 24. h3 Kf8 25. Bf1 Bf6 26. Bxf6 gxf6 27. h4 h5 28. f4 Qg4 29. Kf2 Kg7 30. Bg2 Qc8 31. f5 Bh7 32.
Bf3 Qa6 33. a4 Qa5 34. Bxh5 Bg8 35. Be2 Qc3 36. Qd3 Qe5 37. Qf3 Qd4+ 38. Qe3 Qb4 39. Bc4 Bh7 40. h5 a6 41. h6+ Kf8 42. Qd3 Ke7 43.
Bxa6 Qa3 44. Bb5 Qb2+ 45. Kf3 Qd4 46. Qxd4 cxd4 1-0

[Event "Late-Titled-Tuesday-Blitz-March-05-2024"]
[Site "Chess.com"]
[Date "2024.03.05"]
[Round "8"]
[White "Smoking_Crow"]
[Black "ljuks68"]
[Result "1-0"]
[WhiteElo "2621"]
[BlackElo "2440"]
[TimeControl "180+1"]
[EndTime "15:25:07 PST"]
[Termination "Smoking_Crow won on time"]

1. d4 d5 2. c4 c6 3. Nc3 Nf6 4. Nf3 dxc4 5. a4 Bf5 6. Ne5 Na6 7.
f3 Nd7 8. Nxc4 e5 9. e4 exd4 10. Qxd4 Nb4 11. Ne3 Be6 12. Qd1 Nc5 13. Be2 Nb3 14.
Rb1 Bc5 15. Nc4 Qxd1+ 16. Nxd1 O-O-O 17. Na3 Nd4 18. Nc3 Nxe2 19. Kxe2 Nd3 20. Be3 Bxa3 21.
bxa3 Bc4 22. Bxa7 Rd7 23. Bb6 Ne5+ 24. Kf2 Rd2+ 25. Kg3 h5 26. h4 Rh6 27. Kf4 Nd3+ 28. Ke3 Rxg2 29. Bd4 Rd6 30. Rhg1 Rxg1 31. Rxg1 g6 32.
e5 Rd8 33. Ne4 c5 34. Bc3 1-0